Flyers vs Devils

Created - October-08-14 at 17:28

Goals
1 2 3 T
Flyers 1 1 1 3
Devils 0 1 3 4
Shots
1 2 3 T
Flyers 14 6 10 30
Devils 12 8 14 34

1st period

1. Flyers , Dan Boyle 1 (Nathan Gerbe) at 19:41

Penalties :
Andy Greene (NJD) for High sticking (Minor) at 5:16, Nikita Nikitin (NJD) for Holding (Minor) at 6:19, Andy Greene (NJD) for Slashing (Minor) at 13:07, Willie Mitchell (NJD) for Slashing (Minor) at 17:32

2nd period

2. Flyers , Marek Zidlicky 1 (Tom Gilbert, Craig Anderson) at 2:13 (PP)
3. Devils , Darren Helm 1 (Trevor Daley) at 12:03

Penalties :
Andy Greene (NJD) for Delaying the game (Minor) at 1:46, Olli Jokinen (PHI) for Tripping (Minor) at 3:41, Daniel Sedin (PHI) for Hooking (Minor) at 5:45, Willie Mitchell (NJD) for Cross-checking (Minor) at 18:06

3rd period

4. Devils , James van Riemsdyk 1 (Steve Ott, Andy Greene) at 3:16 (PP)
5. Devils , Tyler Johnson 1 (James van Riemsdyk, Justin Schultz) at 9:56
6. Flyers , Kyle Okposo 1 (Tom Gilbert, Marek Zidlicky) at 10:28 (PP)
7. Devils , James van Riemsdyk 2 (Steve Ott, Nikita Nikitin) at 13:06 (PP)

Penalties :
Marek Zidlicky (PHI) for Hooking (Minor) at 2:19, Andy Greene (NJD) for Slashing (Minor) at 10:06, Kyle Brodziak (PHI) for Holding (Minor) at 12:42, Mark Stuart (PHI) for Tripping (Minor) at 17:20

Goalie Stats

Craig Anderson (PHI), 30 saves from 34 shots - (0.882), L, 0-1-0, 59:56 minutes
Corey Crawford (NJD), 27 saves from 30 shots - (0.900), W, 1-0-0, 60:00 minutes

Players Stats for Flyers

Player Name              G  A  P  +/- PIM S  H  SB GA TA FO     MP     PP MP  PK MP  
------------------------------------------------------------------------------------
Damien Brunner           0  0  0   0  0   1  0  0  0  0  3/7     6:34   0:00   0:49 
Dan Boyle                1  0  1   1  0   1  1  1  0  0  0/0    17:18   0:00   0:00 
Daniel Sedin             0  0  0  -2  2   3  0  0  0  0  1/1    14:33   0:00   0:00 
Dany Heatley             0  0  0   1  0   1  0  0  0  0  0/1    15:37   4:39   0:00 
Gabriel Bourque          0  0  0   0  0   1  0  0  0  0  0/0     6:05   0:00   0:20 
Jack Skille              0  0  0   0  0   0  1  0  0  0  0/1     5:45   0:00   0:00 
Jay McClement            0  0  0   1  0   0  1  0  0  0  15/28  14:00   0:00   3:42 
Joel Ward                0  0  0   0  0   3  0  0  0  0  0/1    21:47   4:39   4:51 
Kyle Brodziak            0  0  0   0  2   1  1  0  0  0  16/21  17:25   5:09   0:00 
Kyle Okposo              1  0  1  -2  0   3  1  0  0  0  2/5    22:59   5:09   3:16 
Marek Zidlicky           1  1  2  -1  2   4  3  3  0  0  0/0    22:42   5:13   3:26 
Mark Stuart              0  0  0  -1  2   1  1  1  0  0  0/0    19:32   4:35   2:46 
Mike Santorelli          0  0  0   0  0   2  0  0  0  0  2/4    16:46   5:09   0:00 
Nathan Gerbe             0  1  1   1  0   2  2  0  0  0  0/0    10:18   0:00   0:00 
Olli Jokinen             0  0  0  -2  2   0  3  0  0  0  15/28  20:50   4:39   1:38 
Philip Larsen            0  0  0  -1  0   0  0  2  0  0  0/0    14:52   0:00   0:46 
Ryan Ellis               0  0  0   1  0   4  3  1  0  0  0/0    22:21   4:35   3:42 
Tom Gilbert              0  2  2  -1  0   3  0  2  0  0  0/0    23:13   5:13   3:56 

Players Stats for Devils

Player Name              G  A  P  +/- PIM S  H  SB GA TA FO     MP     PP MP  PK MP  
------------------------------------------------------------------------------------
Ales Hemsky              0  0  0  -1  0   2  0  1  0  0  0/0    11:15   0:00   0:01 
Andy Greene              0  1  1   1  8   4  4  2  0  0  0/0    27:59   4:40   2:25 
Brandon Sutter           0  0  0   1  0   1  0  0  0  0  1/2    15:42   0:00   0:00 
Colin Greening           0  0  0   0  0   0  0  0  0  0  0/1     2:32   0:00   0:01 
Darren Helm              1  0  1   1  0   4  6  0  0  0  3/5    20:47   2:14   2:51 
James van Riemsdyk       2  1  3   1  0   5  3  1  0  0  7/20   25:27   5:04   6:56 
Jamie McGinn             0  0  0  -1  0   3  3  0  0  0  1/2    11:57   0:43   0:00 
Justin Schultz           0  1  1   0  0   0  0  3  0  0  0/0    14:57   0:00   0:57 
Mark Fayne               0  0  0   0  0   2  1  0  0  0  0/0    11:29   0:00   5:10 
Mark Scheifele           0  0  0   1  0   1  0  0  0  0  1/4    17:32   2:14   0:00 
Nick Schultz             0  0  0   0  0   0  0  0  0  0  0/0     0:00   0:00   0:00 
Nikita Nikitin           0  1  1   0  2   1  0  0  0  0  0/0    14:33   2:38   3:23 
Steve Ott                0  2  2   0  0   1  3  1  0  0  0/1    14:31   5:04   6:16 
Tommy Wingels            0  0  0  -1  0   0  2  0  0  0  8/13   11:14   0:00   0:00 
Trevor Daley             0  1  1   1  0   2  1  2  0  0  0/0    25:37   4:40   5:26 
Tyler Johnson            1  0  1   1  0   3  1  0  0  0  8/20   17:36   2:14   2:35 
Vincent Trocheck         0  0  0   1  0   3  1  0  0  0  14/29  20:43   4:21   0:00 
Willie Mitchell          0  0  0   0  4   2  3  3  0  0  0/0    25:18   2:38   2:14 

3 Stars

1 - James van Riemsdyk (NJD)
2 - Darren Helm (NJD)
3 - Steve Ott (NJD)

Power Play

Flyers - 2 on 7 Attempt(s) - 28.57%
Devils - 2 on 5 Attempt(s) - 40.00%

Penalty Kill

Flyers - 3 on 5 Attempt(s) - 60.00% - Score 0 goal in Penalty Kill
Devils - 5 on 7 Attempt(s) - 71.43% - Score 0 goal in Penalty Kill

Official

Referees : Frederick L'Ecuyer and Brad Watson
Linesman : David Brisebois and Brian Mach

Game Notes

No Game Note

Finance

Level 1 -- Attendance: 6000 (100.00%) -- Ticket Income $642,000
Level 2 -- Attendance: 5000 (100.00%) -- Ticket Income $370,000
Level 3 -- Attendance: 2000 (100.00%) -- Ticket Income $140,000
Level 4 -- Attendance: 3151 (86.92%) -- Ticket Income $37,812
Luxury Box -- Attendance: 1000 (100.00%) -- Ticket Income $175,000
Game was played at the Prudential Center
Total Attendance: 17151 (97.31%)
Total Ticket Income: $1,364,812
Other Income: $204,722
Total Income: $1,569,534

% Time on Ice - Flyers

Lines # - Real PCT - Wanted PCT - Time Play
Normal Forward
1 - 34% - 40% - 14:34
2 - 28% - 30% - 11:37
3 - 24% - 20% - 10:18
4 - 14% - 10% - 5:45
Normal Defense
1 - 39% - 40% - 16:38
2 - 32% - 35% - 13:24
3 - 29% - 25% - 12:12
4 - 0% - 0% - 0:00
PP Forward
1 - 53% - 60% - 5:09
2 - 47% - 40% - 4:39
PP Defense
1 - 53% - 60% - 5:13
2 - 47% - 40% - 4:35
PK Forward
1 - 71% - 60% - 5:11
2 - 29% - 40% - 2:07
PK Defense
1 - 49% - 60% - 3:36
2 - 51% - 40% - 3:42
PK3 Forward
1 - 0% - 60%
2 - 0% - 40%
PK3 Defense
1 - 0% - 60%
2 - 0% - 40%
44 Forward
1 - 0% - 60%
2 - 0% - 40%
44 Defense
1 - 0% - 60%
2 - 0% - 40%
Last Minute Offensive  - 0:40
Last Minute Defensive  - 0:00
Total
Forward - 60:00
Defense - 60:00

% Time on Ice - Devils

Lines # - Real PCT - Wanted PCT - Time Play
Normal Forward
1 - 30% - 40% - 12:47
2 - 37% - 30% - 15:42
3 - 27% - 20% - 11:14
4 - 6% - 10% - 2:31
Normal Defense
1 - 35% - 40% - 14:51
2 - 32% - 30% - 13:24
3 - 20% - 20% - 8:28
4 - 13% - 10% - 5:31
PP Forward
1 - 69% - 60% - 5:04
2 - 31% - 40% - 2:14
PP Defense
1 - 64% - 60% - 4:40
2 - 36% - 40% - 2:38
PK Forward
1 - 71% - 60% - 6:17
2 - 29% - 40% - 2:35
PK Defense
1 - 51% - 60% - 4:30
2 - 49% - 40% - 4:22
PK3 Forward
1 - 71% - 60% - 0:40
2 - 29% - 40% - 0:16
PK3 Defense
1 - 100% - 60% - 0:56
2 - 0% - 40% - 0:00
44 Forward
1 - 0% - 60%
2 - 0% - 40%
44 Defense
1 - 0% - 60%
2 - 0% - 40%
Last Minute Offensive  - 0:00
Last Minute Defensive  - 0:40
Total
Forward - 60:00
Defense - 60:00

Play by Play

1st period


0:01 of 1st period - Tyler Johnson wins face-off versus Olli Jokinen in neutral zone.
0:04 of 1st period - Shot by Andy Greene.
0:04 of 1st period - Stopped by Craig Anderson without a rebound.
0:05 of 1st period - Mike Santorelli wins face-off versus Vincent Trocheck in Flyers zone.
0:24 of 1st period - Kyle Brodziak is hit by Darren Helm and loses puck.
0:32 of 1st period - Shot by Vincent Trocheck.
0:32 of 1st period - Stopped by Craig Anderson without a rebound.
0:33 of 1st period - Olli Jokinen wins face-off versus Tyler Johnson in Flyers zone.
0:38 of 1st period - Mark Stuart is hit by James van Riemsdyk and loses puck.
0:42 of 1st period - Icing by Kyle Okposo.
0:43 of 1st period - Tommy Wingels wins face-off versus Olli Jokinen in Flyers zone.
1:19 of 1st period - Shot by Jamie McGinn.
1:19 of 1st period - Stopped by Craig Anderson without a rebound.
1:20 of 1st period - Jay McClement wins face-off versus Mark Scheifele in Flyers zone.
1:33 of 1st period - Dan Boyle is hit by James van Riemsdyk and loses puck.
1:58 of 1st period - Shot by Nathan Gerbe.
1:58 of 1st period - Stopped by Corey Crawford without a rebound.
1:59 of 1st period - Brandon Sutter wins face-off versus Damien Brunner in Devils zone.
2:11 of 1st period - Shot by Vincent Trocheck.
2:11 of 1st period - Shot Blocked by Tom Gilbert.
2:13 of 1st period - Shot by Justin Schultz.
2:13 of 1st period - Deflect By Darren Helm.
2:13 of 1st period - Shot Misses the Net.
2:15 of 1st period - Shot by Darren Helm.
2:15 of 1st period - Stopped by Craig Anderson without a rebound.
2:16 of 1st period - Tommy Wingels wins face-off versus Mike Santorelli in Flyers zone.
3:35 of 1st period - Shot by Daniel Sedin.
3:35 of 1st period - Stopped by Corey Crawford with a rebound.
3:37 of 1st period - Shot by Kyle Okposo.
3:37 of 1st period - Stopped by Corey Crawford with a rebound.
4:11 of 1st period - Icing by Andy Greene.
4:12 of 1st period - Jay McClement wins face-off versus Brandon Sutter in Devils zone.
4:21 of 1st period - Icing by Jay McClement.
4:22 of 1st period - Jay McClement wins face-off versus Tommy Wingels in Flyers zone.
4:22 of 1st period - Marek Zidlicky is hit by Tommy Wingels.
4:31 of 1st period - Icing by Willie Mitchell.
4:32 of 1st period - Tommy Wingels wins face-off versus Jack Skille in Devils zone.
4:37 of 1st period - Shot by Willie Mitchell.
4:37 of 1st period - Shot Misses the Net.
4:39 of 1st period - Shot by Ales Hemsky.
4:39 of 1st period - Stopped by Craig Anderson without a rebound.
4:40 of 1st period - Olli Jokinen wins face-off versus Mark Scheifele in Flyers zone.
5:16 of 1st period - Minor Penalty to Andy Greene for High sticking.
5:17 of 1st period - James van Riemsdyk wins face-off versus Kyle Brodziak in Devils zone.
5:50 of 1st period - Shot by Tom Gilbert.
5:50 of 1st period - Stopped by Corey Crawford without a rebound.
5:51 of 1st period - Darren Helm wins face-off versus Joel Ward in Devils zone.
5:51 of 1st period - Darren Helm is hit by Olli Jokinen.
6:06 of 1st period - Off-side.
6:07 of 1st period - Olli Jokinen wins face-off versus James van Riemsdyk in neutral zone.
6:12 of 1st period - Shot by Marek Zidlicky.
6:12 of 1st period - Stopped by Corey Crawford without a rebound.
6:13 of 1st period - Olli Jokinen wins face-off versus James van Riemsdyk in Devils zone.
6:16 of 1st period - Shot by Marek Zidlicky.
6:16 of 1st period - Stopped by Corey Crawford with a rebound.
6:18 of 1st period - Shot by Tom Gilbert.
6:18 of 1st period - Stopped by Corey Crawford without a rebound.
6:19 of 1st period - Kyle Brodziak wins face-off versus James van Riemsdyk in Devils zone.
6:19 of 1st period - Minor Penalty to Nikita Nikitin for Holding.
6:20 of 1st period - Kyle Brodziak wins face-off versus James van Riemsdyk in Devils zone.
6:37 of 1st period - Shot by Tom Gilbert.
6:37 of 1st period - Stopped by Corey Crawford without a rebound.
6:38 of 1st period - Olli Jokinen wins face-off versus James van Riemsdyk in Devils zone.
6:43 of 1st period - Shot by Dany Heatley.
6:43 of 1st period - Shot Blocked by Trevor Daley.
8:17 of 1st period - Shot by Kyle Okposo.
8:17 of 1st period - Shot Misses the Net.
8:58 of 1st period - Off-side.
8:59 of 1st period - Vincent Trocheck wins face-off versus Olli Jokinen in neutral zone.
9:16 of 1st period - Shot by Andy Greene.
9:16 of 1st period - Stopped by Craig Anderson with a rebound.
9:18 of 1st period - Shot by Brandon Sutter.
9:18 of 1st period - Stopped by Craig Anderson without a rebound.
9:19 of 1st period - Kyle Brodziak wins face-off versus Mark Scheifele in Flyers zone.
9:19 of 1st period - Kyle Brodziak is hit by Steve Ott.
9:55 of 1st period - Willie Mitchell is hit by Dan Boyle and loses puck.
11:16 of 1st period - Shot by Andy Greene.
11:16 of 1st period - Shot Blocked by Marek Zidlicky.
11:18 of 1st period - Shot by Mark Fayne.
11:18 of 1st period - Stopped by Craig Anderson without a rebound.
11:19 of 1st period - Tyler Johnson wins face-off versus Olli Jokinen in Flyers zone.
12:07 of 1st period - Kyle Okposo is hit by Mark Fayne and loses puck.
12:28 of 1st period - Shot by Andy Greene.
12:28 of 1st period - Stopped by Craig Anderson without a rebound.
12:29 of 1st period - Vincent Trocheck wins face-off versus Damien Brunner in Flyers zone.
12:32 of 1st period - Shot by Trevor Daley.
12:32 of 1st period - Stopped by Craig Anderson without a rebound.
12:33 of 1st period - Kyle Brodziak wins face-off versus Vincent Trocheck in Flyers zone.
12:33 of 1st period - Dan Boyle is hit by Darren Helm and loses puck.
12:39 of 1st period - Ryan Ellis is hit by Trevor Daley and loses puck.
13:07 of 1st period - Minor Penalty to Andy Greene for Slashing.
13:08 of 1st period - James van Riemsdyk wins face-off versus Olli Jokinen in Devils zone.
13:28 of 1st period - Icing by Tom Gilbert.
13:29 of 1st period - James van Riemsdyk wins face-off versus Olli Jokinen in Flyers zone.
13:41 of 1st period - Icing by Joel Ward.
13:42 of 1st period - Olli Jokinen wins face-off versus James van Riemsdyk in Flyers zone.
14:41 of 1st period - Shot by Kyle Okposo.
14:41 of 1st period - Shot Blocked by James van Riemsdyk.
15:03 of 1st period - Shot by Mark Fayne.
15:03 of 1st period - Stopped by Craig Anderson with a rebound.
15:15 of 1st period - Shot by Damien Brunner.
15:15 of 1st period - Shot Misses the Net.
15:26 of 1st period - Shot by Ales Hemsky.
15:26 of 1st period - Shot Blocked by Marek Zidlicky.
15:28 of 1st period - Shot by Willie Mitchell.
15:28 of 1st period - Shot Misses the Net.
15:32 of 1st period - Shot by Jamie McGinn.
15:32 of 1st period - Stopped by Craig Anderson without a rebound.
15:33 of 1st period - Jay McClement wins face-off versus Vincent Trocheck in Flyers zone.
15:56 of 1st period - Shot by Nathan Gerbe.
15:56 of 1st period - Stopped by Corey Crawford without a rebound.
15:57 of 1st period - Damien Brunner wins face-off versus Tyler Johnson in Devils zone.
16:34 of 1st period - Shot by Gabriel Bourque.
16:34 of 1st period - Stopped by Corey Crawford without a rebound.
16:35 of 1st period - Kyle Okposo wins face-off versus Vincent Trocheck in Devils zone.
16:39 of 1st period - Kyle Okposo is hit by Willie Mitchell and loses puck.
16:46 of 1st period - Shot by Marek Zidlicky.
16:46 of 1st period - Shot Blocked by Willie Mitchell.
16:48 of 1st period - Shot by Daniel Sedin.
16:48 of 1st period - Stopped by Corey Crawford with a rebound.
16:50 of 1st period - Shot by Daniel Sedin.
16:50 of 1st period - Deflect By Kyle Okposo.
16:50 of 1st period - Shot Blocked by Justin Schultz.
16:52 of 1st period - Shot by Marek Zidlicky.
16:52 of 1st period - Shot Misses the Net.
17:32 of 1st period - Minor Penalty to Willie Mitchell for Slashing.
17:33 of 1st period - Kyle Brodziak wins face-off versus James van Riemsdyk in Devils zone.
17:33 of 1st period - Mike Santorelli is hit by Andy Greene and loses puck.
17:38 of 1st period - Shot by Ryan Ellis.
17:38 of 1st period - Stopped by Corey Crawford without a rebound.
17:39 of 1st period - Kyle Brodziak wins face-off versus James van Riemsdyk in Devils zone.
17:48 of 1st period - Shot by Mike Santorelli.
17:48 of 1st period - Stopped by Corey Crawford without a rebound.
17:49 of 1st period - James van Riemsdyk wins face-off versus Olli Jokinen in Devils zone.
17:58 of 1st period - Trevor Daley is hit by Olli Jokinen and loses puck.
18:47 of 1st period - Icing by Mike Santorelli.
18:48 of 1st period - Kyle Brodziak wins face-off versus James van Riemsdyk in Flyers zone.
18:56 of 1st period - Mike Santorelli is hit by Andy Greene and loses puck.
19:39 of 1st period - Shot by Nathan Gerbe.
19:39 of 1st period - Shot Blocked by Ales Hemsky.
19:41 of 1st period - Shot by Dan Boyle.
19:41 of 1st period - Goal by Dan Boyle - Flyers : 1 - Devils : 0.
19:42 of 1st period - Tommy Wingels wins face-off versus Damien Brunner in neutral zone.
Goals for this period are 1 for Flyers vs 0 for Devils.
Shots for this period are 14 for Flyers vs 12 for Devils.

2nd period


0:01 of 2nd period - Olli Jokinen wins face-off versus Tyler Johnson in neutral zone.
0:29 of 2nd period - Shot by Daniel Sedin.
0:29 of 2nd period - Stopped by Corey Crawford without a rebound.
0:30 of 2nd period - Kyle Brodziak wins face-off versus Vincent Trocheck in Devils zone.
0:57 of 2nd period - Shot by Darren Helm.
0:57 of 2nd period - Stopped by Craig Anderson with a rebound.
1:07 of 2nd period - Shot by Vincent Trocheck.
1:07 of 2nd period - Shot Blocked by Dan Boyle.
1:14 of 2nd period - Shot by Vincent Trocheck.
1:14 of 2nd period - Stopped by Craig Anderson without a rebound.
1:15 of 2nd period - Olli Jokinen wins face-off versus James van Riemsdyk in Flyers zone.
1:15 of 2nd period - Olli Jokinen is hit by Tyler Johnson.
1:32 of 2nd period - Kyle Okposo is hit by Andy Greene and loses puck.
1:43 of 2nd period - Shot by Kyle Okposo.
1:43 of 2nd period - Deflect By Olli Jokinen.
1:43 of 2nd period - Shot Blocked by Andy Greene.
1:46 of 2nd period - Minor Penalty to Andy Greene for Delaying the game.
1:47 of 2nd period - James van Riemsdyk wins face-off versus Olli Jokinen in Devils zone.
2:00 of 2nd period - Shot by Joel Ward.
2:00 of 2nd period - Shot Misses the Net.
2:02 of 2nd period - Shot by Dany Heatley.
2:02 of 2nd period - Stopped by Corey Crawford without a rebound.
2:03 of 2nd period - James van Riemsdyk wins face-off versus Kyle Brodziak in Devils zone.
2:03 of 2nd period - James van Riemsdyk is hit by Kyle Brodziak.
2:13 of 2nd period - Shot by Marek Zidlicky.
2:13 of 2nd period - Goal by Marek Zidlicky - Flyers : 2 - Devils : 0.
2:14 of 2nd period - Vincent Trocheck wins face-off versus Dany Heatley in neutral zone.
2:44 of 2nd period - Shot by Darren Helm.
2:44 of 2nd period - Shot Misses the Net.
2:54 of 2nd period - Shot by Mark Stuart.
2:54 of 2nd period - Shot Misses the Net.
3:22 of 2nd period - Icing by Justin Schultz.
3:23 of 2nd period - Olli Jokinen wins face-off versus Vincent Trocheck in Devils zone.
3:32 of 2nd period - Shot by Daniel Sedin.
3:32 of 2nd period - Shot Blocked by Willie Mitchell.
3:40 of 2nd period - Shot by Kyle Okposo.
3:40 of 2nd period - Shot Misses the Net.
3:41 of 2nd period - Minor Penalty to Olli Jokinen for Tripping.
3:42 of 2nd period - Jamie McGinn wins face-off versus Jay McClement in Flyers zone.
3:53 of 2nd period - Shot by Trevor Daley.
3:53 of 2nd period - Shot Blocked by Ryan Ellis.
4:00 of 2nd period - Icing by Trevor Daley.
4:01 of 2nd period - Kyle Okposo wins face-off versus Jamie McGinn in Devils zone.
4:24 of 2nd period - Shot by Joel Ward.
4:24 of 2nd period - Stopped by Corey Crawford without a rebound.
4:25 of 2nd period - Tyler Johnson wins face-off versus Jay McClement in Devils zone.
4:29 of 2nd period - Off-side.
4:30 of 2nd period - Jay McClement wins face-off versus Steve Ott in neutral zone.
5:32 of 2nd period - Shot by Tyler Johnson.
5:32 of 2nd period - Deflect By Mark Scheifele.
5:32 of 2nd period - Stopped by Craig Anderson without a rebound.
5:33 of 2nd period - Jay McClement wins face-off versus Tyler Johnson in Flyers zone.
5:41 of 2nd period - Willie Mitchell is hit by Olli Jokinen and loses puck.
5:45 of 2nd period - Minor Penalty to Daniel Sedin for Hooking.
5:46 of 2nd period - Jay McClement wins face-off versus Tyler Johnson in Flyers zone.
5:46 of 2nd period - Jay McClement is hit by Darren Helm.
6:59 of 2nd period - Shot by Gabriel Bourque.
6:59 of 2nd period - Deflect By Jay McClement.
6:59 of 2nd period - Shot Misses the Net.
7:57 of 2nd period - Shot by Jamie McGinn.
7:57 of 2nd period - Shot Misses the Net.
8:01 of 2nd period - Shot by Willie Mitchell.
8:01 of 2nd period - Shot Misses the Net.
8:03 of 2nd period - Shot by Tommy Wingels.
8:03 of 2nd period - Shot Misses the Net.
8:25 of 2nd period - Damien Brunner is hit by Jamie McGinn and loses puck.
8:39 of 2nd period - Damien Brunner is hit by Jamie McGinn and loses puck.
8:47 of 2nd period - Icing by Dan Boyle.
8:48 of 2nd period - Damien Brunner wins face-off versus Tyler Johnson in Flyers zone.
8:55 of 2nd period - Shot by Mark Scheifele.
8:55 of 2nd period - Shot Misses the Net.
8:57 of 2nd period - Shot by Andy Greene.
8:57 of 2nd period - Stopped by Craig Anderson with a rebound.
9:18 of 2nd period - Shot by Tyler Johnson.
9:18 of 2nd period - Stopped by Craig Anderson with a rebound.
9:22 of 2nd period - Shot by James van Riemsdyk.
9:22 of 2nd period - Shot Blocked by Philip Larsen.
9:24 of 2nd period - Shot by Mark Fayne.
9:24 of 2nd period - Shot Misses the Net.
9:52 of 2nd period - Darren Helm is hit by Kyle Okposo and loses puck.
9:59 of 2nd period - Olli Jokinen is hit by Vincent Trocheck and loses puck.
10:04 of 2nd period - Shot by Darren Helm.
10:04 of 2nd period - Stopped by Craig Anderson without a rebound.
10:05 of 2nd period - Kyle Brodziak wins face-off versus Tommy Wingels in Flyers zone.
10:29 of 2nd period - Andy Greene is hit by Marek Zidlicky and loses puck.
10:33 of 2nd period - Icing by Tom Gilbert.
10:34 of 2nd period - Kyle Brodziak wins face-off versus Colin Greening in Flyers zone.
10:34 of 2nd period - Kyle Brodziak is hit by Steve Ott.
11:06 of 2nd period - Icing by Kyle Okposo.
11:07 of 2nd period - Olli Jokinen wins face-off versus Darren Helm in Flyers zone.
11:19 of 2nd period - Icing by Andy Greene.
11:20 of 2nd period - Vincent Trocheck wins face-off versus Jay McClement in Devils zone.
11:26 of 2nd period - Icing by Trevor Daley.
11:27 of 2nd period - Olli Jokinen wins face-off versus Vincent Trocheck in Devils zone.
11:28 of 2nd period - Shot by Kyle Okposo.
11:28 of 2nd period - Shot Blocked by Andy Greene.
12:03 of 2nd period - Shot by Darren Helm.
12:03 of 2nd period - Goal by Darren Helm - Flyers : 2 - Devils : 1.
12:04 of 2nd period - Kyle Brodziak wins face-off versus Tyler Johnson in neutral zone.
12:55 of 2nd period - Icing by Philip Larsen.
12:56 of 2nd period - Mike Santorelli wins face-off versus Vincent Trocheck in Flyers zone.
12:56 of 2nd period - Joel Ward is hit by Darren Helm and loses puck.
14:28 of 2nd period - Off-side.
14:29 of 2nd period - Jay McClement wins face-off versus Tyler Johnson in neutral zone.
14:42 of 2nd period - Shot by James van Riemsdyk.
14:42 of 2nd period - Deflect By Tyler Johnson.
14:42 of 2nd period - Shot Misses the Net.
15:22 of 2nd period - Mark Fayne is hit by Ryan Ellis and loses puck.
15:32 of 2nd period - Shot by Tommy Wingels.
15:32 of 2nd period - Shot Misses the Net.
15:36 of 2nd period - Shot by Tommy Wingels.
15:36 of 2nd period - Shot Misses the Net.
15:38 of 2nd period - Shot by Jamie McGinn.
15:38 of 2nd period - Stopped by Craig Anderson without a rebound.
15:39 of 2nd period - Vincent Trocheck wins face-off versus Olli Jokinen in Flyers zone.
15:39 of 2nd period - Vincent Trocheck is hit by Marek Zidlicky.
16:25 of 2nd period - Icing by Andy Greene.
16:26 of 2nd period - Darren Helm wins face-off versus Damien Brunner in Devils zone.
16:26 of 2nd period - Darren Helm is hit by Jack Skille.
16:32 of 2nd period - Mark Stuart is hit by Darren Helm and loses puck.
17:01 of 2nd period - Icing by Trevor Daley.
17:02 of 2nd period - Kyle Brodziak wins face-off versus Vincent Trocheck in Devils zone.
17:16 of 2nd period - Brandon Sutter is hit by Ryan Ellis and loses puck.
17:28 of 2nd period - Dan Boyle is hit by James van Riemsdyk.
17:34 of 2nd period - Shot by Ryan Ellis.
17:34 of 2nd period - Stopped by Corey Crawford without a rebound.
17:35 of 2nd period - Tommy Wingels wins face-off versus Olli Jokinen in Devils zone.
18:06 of 2nd period - Minor Penalty to Willie Mitchell for Cross-checking.
18:07 of 2nd period - Kyle Brodziak wins face-off versus James van Riemsdyk in Devils zone.
18:26 of 2nd period - Shot by Kyle Okposo.
18:26 of 2nd period - Shot Misses the Net.
18:28 of 2nd period - Shot by Ryan Ellis.
18:28 of 2nd period - Shot Blocked by Justin Schultz.
18:30 of 2nd period - Shot by Mark Stuart.
18:30 of 2nd period - Stopped by Corey Crawford with a rebound.
18:32 of 2nd period - Shot by Mark Stuart.
18:32 of 2nd period - Shot Misses the Net.
Goals for this period are 1 for Flyers vs 1 for Devils.
Shots for this period are 6 for Flyers vs 8 for Devils.

3rd period


0:01 of 3rd period - James van Riemsdyk wins face-off versus Mike Santorelli in neutral zone.
1:52 of 3rd period - Icing by Dan Boyle.
1:53 of 3rd period - Tommy Wingels wins face-off versus Jay McClement in Flyers zone.
2:03 of 3rd period - Icing by Dany Heatley.
2:04 of 3rd period - Jay McClement wins face-off versus Vincent Trocheck in Flyers zone.
2:04 of 3rd period - Jay McClement is hit by Darren Helm.
2:19 of 3rd period - Minor Penalty to Marek Zidlicky for Hooking.
2:20 of 3rd period - Olli Jokinen wins face-off versus James van Riemsdyk in Flyers zone.
2:41 of 3rd period - Shot by James van Riemsdyk.
2:41 of 3rd period - Deflect By Vincent Trocheck.
2:41 of 3rd period - Stopped by Craig Anderson with a rebound.
2:45 of 3rd period - Shot by Trevor Daley.
2:45 of 3rd period - Stopped by Craig Anderson without a rebound.
2:46 of 3rd period - Tyler Johnson wins face-off versus Kyle Okposo in Flyers zone.
3:00 of 3rd period - Shot by Willie Mitchell.
3:00 of 3rd period - Stopped by Craig Anderson without a rebound.
3:01 of 3rd period - Vincent Trocheck wins face-off versus Kyle Okposo in Flyers zone.
3:12 of 3rd period - Shot by Andy Greene.
3:12 of 3rd period - Shot Misses the Net.
3:14 of 3rd period - Shot by Steve Ott.
3:14 of 3rd period - Shot Misses the Net.
3:16 of 3rd period - Shot by James van Riemsdyk.
3:16 of 3rd period - Goal by James van Riemsdyk - Flyers : 2 - Devils : 2.
3:17 of 3rd period - Damien Brunner wins face-off versus Tyler Johnson in neutral zone.
3:30 of 3rd period - Shot by Tyler Johnson.
3:30 of 3rd period - Stopped by Craig Anderson without a rebound.
3:31 of 3rd period - Olli Jokinen wins face-off versus Tommy Wingels in Flyers zone.
3:46 of 3rd period - Daniel Sedin is hit by Tommy Wingels and loses puck.
4:09 of 3rd period - Shot by Ales Hemsky.
4:09 of 3rd period - Stopped by Craig Anderson without a rebound.
4:10 of 3rd period - Tyler Johnson wins face-off versus Kyle Brodziak in Flyers zone.
4:10 of 3rd period - Tyler Johnson is hit by Marek Zidlicky.
4:22 of 3rd period - Shot by Marek Zidlicky.
4:22 of 3rd period - Shot Misses the Net.
4:24 of 3rd period - Shot by Tom Gilbert.
4:24 of 3rd period - Shot Blocked by Justin Schultz.
4:26 of 3rd period - Shot by Kyle Brodziak.
4:26 of 3rd period - Stopped by Corey Crawford without a rebound.
4:27 of 3rd period - Vincent Trocheck wins face-off versus Jay McClement in Devils zone.
4:27 of 3rd period - Willie Mitchell is hit by Nathan Gerbe and loses puck.
7:02 of 3rd period - Shot by Damien Brunner.
7:02 of 3rd period - Stopped by Corey Crawford with a rebound.
7:06 of 3rd period - Shot by Damien Brunner.
7:06 of 3rd period - Shot Misses the Net.
7:22 of 3rd period - Shot by Ryan Ellis.
7:22 of 3rd period - Stopped by Corey Crawford without a rebound.
7:23 of 3rd period - Jay McClement wins face-off versus Vincent Trocheck in Devils zone.
7:32 of 3rd period - Shot by Dany Heatley.
7:32 of 3rd period - Shot Blocked by Willie Mitchell.
7:34 of 3rd period - Shot by Nathan Gerbe.
7:34 of 3rd period - Deflect By Jay McClement.
7:34 of 3rd period - Shot Misses the Net.
7:40 of 3rd period - Shot by Marek Zidlicky.
7:40 of 3rd period - Stopped by Corey Crawford without a rebound.
7:41 of 3rd period - Mark Scheifele wins face-off versus Kyle Okposo in Devils zone.
8:05 of 3rd period - Icing by Dan Boyle.
8:06 of 3rd period - Vincent Trocheck wins face-off versus Olli Jokinen in Flyers zone.
8:15 of 3rd period - Shot by Kyle Okposo.
8:15 of 3rd period - Stopped by Corey Crawford with a rebound.
8:17 of 3rd period - Shot by Kyle Okposo.
8:17 of 3rd period - Shot Misses the Net.
8:19 of 3rd period - Shot by Ryan Ellis.
8:19 of 3rd period - Stopped by Corey Crawford without a rebound.
8:20 of 3rd period - Kyle Brodziak wins face-off versus Tommy Wingels in Devils zone.
8:51 of 3rd period - Shot by Joel Ward.
8:51 of 3rd period - Shot Misses the Net.
9:38 of 3rd period - Shot by James van Riemsdyk.
9:38 of 3rd period - Shot Misses the Net.
9:40 of 3rd period - Shot by Willie Mitchell.
9:40 of 3rd period - Stopped by Craig Anderson with a rebound.
9:44 of 3rd period - Shot by Tyler Johnson.
9:44 of 3rd period - Shot Misses the Net.
9:54 of 3rd period - Shot by Tyler Johnson.
9:54 of 3rd period - Shot Misses the Net.
9:56 of 3rd period - Shot by Tyler Johnson.
9:56 of 3rd period - Goal by Tyler Johnson - Flyers : 2 - Devils : 3.
9:57 of 3rd period - Jay McClement wins face-off versus Vincent Trocheck in neutral zone.
10:05 of 3rd period - Icing by Andy Greene.
10:06 of 3rd period - Jay McClement wins face-off versus Darren Helm in Devils zone.
10:06 of 3rd period - Minor Penalty to Andy Greene for Slashing.
10:07 of 3rd period - Kyle Brodziak wins face-off versus James van Riemsdyk in Devils zone.
10:28 of 3rd period - Shot by Kyle Okposo.
10:28 of 3rd period - Goal by Kyle Okposo - Flyers : 3 - Devils : 3.
10:29 of 3rd period - Darren Helm wins face-off versus Jay McClement in neutral zone.
10:34 of 3rd period - Shot by Darren Helm.
10:34 of 3rd period - Shot Misses the Net.
10:41 of 3rd period - Icing by Nathan Gerbe.
10:42 of 3rd period - Tyler Johnson wins face-off versus Jay McClement in Flyers zone.
10:53 of 3rd period - Shot by Trevor Daley.
10:53 of 3rd period - Deflect By James van Riemsdyk.
10:53 of 3rd period - Stopped by Craig Anderson without a rebound.
10:54 of 3rd period - Olli Jokinen wins face-off versus Tyler Johnson in Flyers zone.
11:06 of 3rd period - Olli Jokinen is hit by Willie Mitchell and loses puck.
11:16 of 3rd period - Kyle Okposo is hit by Willie Mitchell and loses puck.
11:59 of 3rd period - Shot by Mike Santorelli.
11:59 of 3rd period - Stopped by Corey Crawford without a rebound.
12:00 of 3rd period - Vincent Trocheck wins face-off versus Jay McClement in Devils zone.
12:00 of 3rd period - Vincent Trocheck is hit by Jay McClement.
12:12 of 3rd period - Off-side.
12:13 of 3rd period - Tommy Wingels wins face-off versus Kyle Brodziak in neutral zone.
12:31 of 3rd period - Icing by Dan Boyle.
12:32 of 3rd period - Vincent Trocheck wins face-off versus Kyle Brodziak in Flyers zone.
12:42 of 3rd period - Minor Penalty to Kyle Brodziak for Holding.
12:43 of 3rd period - Jay McClement wins face-off versus Vincent Trocheck in Flyers zone.
13:00 of 3rd period - Shot by James van Riemsdyk.
13:00 of 3rd period - Shot Misses the Net.
13:02 of 3rd period - Shot by Steve Ott.
13:02 of 3rd period - Shot Misses the Net.
13:04 of 3rd period - Shot by Steve Ott.
13:04 of 3rd period - Stopped by Craig Anderson with a rebound.
13:06 of 3rd period - Shot by James van Riemsdyk.
13:06 of 3rd period - Goal by James van Riemsdyk - Flyers : 3 - Devils : 4.
13:07 of 3rd period - Daniel Sedin wins face-off versus Tommy Wingels in neutral zone.
13:09 of 3rd period - Olli Jokinen is hit by Andy Greene and loses puck.
13:16 of 3rd period - Mark Stuart is hit by Jamie McGinn and loses puck.
13:23 of 3rd period - Shot by Jamie McGinn.
13:23 of 3rd period - Shot Misses the Net.
13:25 of 3rd period - Shot by Tommy Wingels.
13:25 of 3rd period - Shot Misses the Net.
13:27 of 3rd period - Shot by Trevor Daley.
13:27 of 3rd period - Shot Blocked by Mark Stuart.
13:31 of 3rd period - Shot by Tommy Wingels.
13:31 of 3rd period - Shot Blocked by Philip Larsen.
13:39 of 3rd period - Shot by Olli Jokinen.
13:39 of 3rd period - Shot Misses the Net.
14:10 of 3rd period - Icing by Philip Larsen.
14:11 of 3rd period - Tyler Johnson wins face-off versus Olli Jokinen in Flyers zone.
14:15 of 3rd period - James van Riemsdyk is hit by Mark Stuart and loses puck.
14:58 of 3rd period - Shot by Joel Ward.
14:58 of 3rd period - Shot Misses the Net.
15:20 of 3rd period - Icing by Vincent Trocheck.
15:21 of 3rd period - Vincent Trocheck wins face-off versus Jay McClement in Devils zone.
16:03 of 3rd period - Icing by Ryan Ellis.
16:04 of 3rd period - Tommy Wingels wins face-off versus Jay McClement in Flyers zone.
16:04 of 3rd period - Nikita Nikitin is hit by Ryan Ellis and loses puck.
16:08 of 3rd period - Icing by Ryan Ellis.
16:09 of 3rd period - Jay McClement wins face-off versus Tyler Johnson in Flyers zone.
16:19 of 3rd period - Tyler Johnson is hit by Nathan Gerbe and loses puck.
16:39 of 3rd period - Icing by Nikita Nikitin.
16:40 of 3rd period - Kyle Brodziak wins face-off versus Tyler Johnson in Devils zone.
16:53 of 3rd period - Shot by Joel Ward.
16:53 of 3rd period - Stopped by Corey Crawford with a rebound.
17:01 of 3rd period - Shot by James van Riemsdyk.
17:01 of 3rd period - Stopped by Craig Anderson without a rebound.
17:02 of 3rd period - Vincent Trocheck wins face-off versus Olli Jokinen in Flyers zone.
17:20 of 3rd period - Minor Penalty to Mark Stuart for Tripping.
17:21 of 3rd period - Vincent Trocheck wins face-off versus Jay McClement in Flyers zone.
17:33 of 3rd period - Off-side.
17:34 of 3rd period - Tyler Johnson wins face-off versus Jay McClement in neutral zone.
18:15 of 3rd period - Shot by Nikita Nikitin.
18:15 of 3rd period - Stopped by Craig Anderson without a rebound.
18:16 of 3rd period - Vincent Trocheck wins face-off versus Jay McClement in Flyers zone.
18:24 of 3rd period - Shot by Trevor Daley.
18:24 of 3rd period - Shot Misses the Net.
18:26 of 3rd period - Shot by Andy Greene.
18:26 of 3rd period - Shot Blocked by Tom Gilbert.
18:28 of 3rd period - Shot by James van Riemsdyk.
18:28 of 3rd period - Stopped by Craig Anderson without a rebound.
18:29 of 3rd period - Jay McClement wins face-off versus Vincent Trocheck in Flyers zone.
18:29 of 3rd period - Jay McClement is hit by Steve Ott.
18:58 of 3rd period - Icing by Vincent Trocheck.
18:59 of 3rd period - Olli Jokinen wins face-off versus Vincent Trocheck in Devils zone.
19:02 of 3rd period - Shot by Kyle Okposo.
19:02 of 3rd period - Shot Blocked by Trevor Daley.
19:04 of 3rd period - Shot by Tom Gilbert.
19:04 of 3rd period - Shot Misses the Net.
19:08 of 3rd period - Shot by Kyle Okposo.
19:08 of 3rd period - Shot Misses the Net.
19:44 of 3rd period - Shot by James van Riemsdyk.
19:44 of 3rd period - Shot Blocked by Marek Zidlicky.
19:56 of 3rd period - Flyers, Craig Anderson is pulled from the net.
19:56 of 3rd period - Shot by Marek Zidlicky.
19:56 of 3rd period - Shot Blocked by Steve Ott.
19:58 of 3rd period - Shot by Kyle Brodziak.
19:58 of 3rd period - Deflect By Joel Ward.
19:58 of 3rd period - Stopped by Corey Crawford with a rebound.
Goals for this period are 1 for Flyers vs 3 for Devils.
Shots for this period are 10 for Flyers vs 14 for Devils.


Output by the SimonT Hockey Simulator (STHS) for Stephane Roy -- Original Page W3C XHTML 1.0 Valid
Hockey Simulator - Hockey Simulation - Hockey Manager